 Dungeon Crawl Stone Soup version 0.19-a0-1851-g3228ea0 (webtiles) character file.

91 Ericaplier the Conjurer (level 4, -5/33 HPs)
             Began as a Draconian Conjurer on Oct 11, 2016.
             Slain by a hound (6 damage)
             ... on level 3 of the Dungeon.
             The game lasted 00:11:43 (1724 turns).

Ericaplier the Conjurer (Draconian Conjurer)        Turns: 1724, Time: 00:11:43

Health: -5/33      AC:  5    Str: 12    XL:     4   Next: 33%
Magic:  0/7        EV: 12    Int: 15    God:
Gold:   163        SH:  3    Dex: 11    Spells: 3 memorised, 1 level left

rFire  . . .     SeeInvis .     a - +1 spear
rCold  . . .     Gourm    .     (armour unavailable)
rNeg   . . .     Faith    .     (no shield)
rPois  .         Spirit   .     (helmet restricted)
rElec  .         Dismiss  .     (no cloak)
rCorr  .         Reflect  +     (no gloves)
MR     .....     Harm     .     (no boots)
Stlth  ++........               d - +3 amulet of reflection
                                (no ring)
                                h - ring of flight

@: no status effects
A: unfitting armour, cold-blooded, AC +5
a: Evoke Flight


You were on level 3 of the Dungeon.
You were very full.

You visited 1 branch of the dungeon, and saw 4 of its levels.

You collected 163 gold pieces.

Inventory:

Hand Weapons
 a - a +1 spear (weapon)
Jewellery
 d - a +3 amulet of reflection (around neck)
 h - a ring of flight (left hand)
Scrolls
 e - 2 scrolls of identify
Books
 b - a book of Conjurations

   Spells                             Type                      Level
   a - Magic Dart                     Conjuration                  1
   b - Searing Ray                    Conjuration                  2
   c - Dazzling Spray                 Conjuration/Hexes            3
   d - Fulminant Prism                Conjuration/Hexes            4
   e - Iskenderun's Mystic Blast      Conjuration                  4
   f - Iskenderun's Battlesphere      Conjuration/Charms           5
Comestibles
 c - 2 bread rations
 f - a royal jelly
 g - a fruit


   Skills:
 + Level 0.2 Fighting
 + Level 1.3 Polearms
 + Level 2.5 Dodging
 + Level 1.9 Stealth
 + Level 2.2 Spellcasting
 + Level 4.8 Conjurations
 + Level 0.1 Hexes


You had one spell level left.
You knew the following spells:

 Your Spells              Type           Power        Failure   Level  Hunger
a - Magic Dart            Conj           ###.         3%          1    #......
b - Searing Ray           Conj           ###...       6%          2    ###....
c - Dazzling Spray        Conj/Hex       #.....       24%         3    ###....


Dungeon Overview and Level Annotations

Branches:
Dungeon (4/15)
 Temple: D:4-7

Altars:
Fedhas
Nemelex Xobeh


Innate Abilities, Weirdness & Mutations

Your plain brown scales are hard. (AC +5)
You cannot fit into any form of body armour.
You are cold-blooded and may be slowed by cold attacks.


Message History

The hound bites you.
* * * LOW HITPOINT WARNING * * *
Unknown command.
You closely miss the hound.
The hound is moderately wounded.
The hound bites you.
* * * LOW HITPOINT WARNING * * *
The hound bites you.
* * * LOW HITPOINT WARNING * * *
Unknown command.
Casting: Searing Ray
Confirm with . or Enter, or press ? or * to list all spells.
Aiming: Magic Dart
Press: ? - help, Shift-Dir - straight line, f/p - hound
Aim: a hound (moderately wounded)
The magic dart hits the hound.
The hound is heavily wounded.
The hound bites you but does no damage. The hound bites you.
You die...

#.###.# # ###
#.#.... hh ..#
#.#.#.# #. #.#
#.#.#.# #.##.##
#.#.#.# ....#
#......
######.#####......
#@h.))†)........>#
#.####.........###
#.# #.#########
#.# .... #.##.#.##
#.#....# #.#. ..#
#.....<.


You could see a hound.

Vanquished Creatures
  2 adders
  An ooze (D:2)
  A leopard gecko (D:1)
  4 orcs (D:3)
  6 bats
  3 giant cockroaches
  11 goblins
  9 hobgoblins
  6 jackals (D:1)
  2 quokkas (D:2)
  A ball python (D:2)
  A frilled lizard (D:1)
  4 kobolds
  3 rats (D:1)
54 creatures vanquished.

Notes
Turn   | Place    | Note
-------+----------+-------------------------------------------
     0 | D:1      | Ericaplier the Draconian Conjurer began the quest for the Orb.
     0 | D:1      | Reached XP level 1. HP: 14/14 MP: 3/3
   183 | D:1      | Reached XP level 2. HP: 20/20 MP: 5/5
   187 | D:1      | Learned a level 2 spell: Searing Ray
   501 | D:1      | Reached XP level 3. HP: 21/26 MP: 1/6
   547 | D:1      | Learned a level 3 spell: Dazzling Spray
  1040 | D:2      | Reached skill level 1 in Polearms
  1135 | D:2      | Found a sparkling altar of Nemelex Xobeh.
  1378 | D:2      | Reached XP level 4. HP: 6/33 MP: 0/7
  1647 | D:2      | You fall through a shaft for 2 floors!
  1655 | D:4      | Found a blossoming altar of Fedhas.
  1722 | D:3      | HP: 1/33 [hound (1)]
  1724 | D:3      | Slain by a hound

Vault maps used:
D:1:      dpeg_arrival_tiny_a, corexii_item_surrounded_by_moat,
          serial_park_tiny_1
D:2:      nemelex_xobeh_ov_fountains_minmay, first_bread,
          minmay_item_behind_shaft, roderic_three_in_a_row
D:3:      kennysheep_goblin_castle, uniq_jessica
D:4:      bloody_makhleb, serial_shops, nicolae_shop_crystal, kennysheep_nub,
          fedhas_altar_2, uniq_edmund

Skill      XL: |  1  2  3 |
---------------+----------+-----
Dodging        | 2 |  2.5
Polearms       | 1 |  1.3
Fighting       | |  0.2
Stealth        | |  1.9
Spellcasting   | |  2.2
Conjurations   | |  4.8
Hexes          | |  0.1

Action                   |  1- 3 |  4- 6 || total
-------------------------+-------+-------++-------
Melee: Unarmed           |    19 |       ||    19
       Dagger            |     6 |       ||     6
       Spear             |   123 |    29 ||   152
       Tailslap          |    10 |     1 ||    11
 Cast: Magic Dart        |    16 |     4 ||    20
       Searing Ray       |    16 |     5 ||    21
       Dazzling Spray    |     5 |     1 ||     6
  Use: Scroll            |     4 |     1 ||     5
       Potion            |     4 |     1 ||     5
  Eat: Bread ration      |     1 |       ||     1
       Beef jerky        |     1 |       ||     1
       Fruit             |       |     8 ||     8
Armor: Skin              |    66 |    11 ||    77
Dodge: Dodged            |   131 |    27 ||   158
Block: Other             |    15 |     4 ||    19
       Reflection        |     1 |       ||     1
